← All builds
Tech / Armada / Economy first / OBSERVED BUILD

Standard tech

Armada Tech (Eco) build order · Supreme Isthmus

Rushes the T2 bot lab and advanced metal extractors while supplying teammates with constructors, scaling eco through the standard Citadel/Umbrella/Platypus transition.

Usually first T2 con to Geo (83%)

#t2 #eco #team support · 1685 distinct matches · 262 players · 60% of Armada Tech games · team won 54% of 2001 · Recently observed

HOW TO PLAY IT

Key timing: T2 factory by 4:15

  1. Open 3 mex and heavy wind to fund a fast T2 rush.
  2. Put down Bot Lab, planning to eat it for reclaim soon after.
  3. Get Advanced Bot Lab up, hitting the T2 factory rush timing.
  4. Upgrade mex to Advanced Metal Extractor to lock in team metal income.
  5. Eat Advanced Bot Lab and keep sending cons to Geo and Pond.

Phase by phase

TYPICAL OF ITS 1685 GAMES
  1. 1
  2. 2
  3. 3
  4. 4
PLAY THE OPENING

Follow the example game's first 6:00 step by step: what to build now, what comes next, and where it goes. At 1× it keeps pace with your own game.

  1. 1

    Up to the Bot Lab

    Economy
    • Metal Extractor3Mex
    • Wind Turbine4Wind
    Order
    1. Bot LabBot Lab after 3 mex, 4 winddone ~1:18, middle half 1:13–1:32

    Some games also: energy storage (32%)

    By 1:01 in all: 3 mex · 4 wind

    The example game in this phase · 3 steps
    1. Mex ×3
    2. Wind ×4
    3. Bot LabBot Labdone 1:21 · typical 1:18
  2. 2

    Bot Lab to Advanced Bot Lab

    Economy
    • Metal Extractor1Mex
    • Wind Turbine8Wind
    • Energy Storage1Energy storage
    Order
    1. Advanced Bot LabAdvanced Bot Lab after 4 mex, 12 wind, 3 con turretdone ~4:16, middle half 4:04–4:30
    Builders
    • Construction Turret3 Con turret
    • Lazarus3 Lazarus
    • Construction Bot2 Con bot
    • Construction Bot1 Con bot for allies

    Some games also: converter (36%)

    By 3:18 in all: 4 mex · 12 wind · 1 energy storage · 3 con turret

    The example game in this phase · 14 steps
    1. LazarusLazarus ×3
    2. Wind ×3
    3. Construction BotCon bot
    4. LazarusLazarus
    5. Construction BotCon bot
    6. Energy storage
    7. Mex
    8. Construction BotCon bot
    9. Con turret
    10. Wind
    11. Con turret ×2
    12. Energy storage
    13. Wind ×2
    14. Advanced Bot LabAdvanced Bot Labdone 4:33 · typical 4:16
  3. 3

    Advanced Bot Lab to 5:00

    Economy
    • Wind Turbine3Wind
    Order
    1. Bot LabEat Bot Lab
    Builders
    • Advanced Construction Bot1 T2 con bot for allies

    Some games also: converter (35%)

    By 5:00 in all: 4 mex · 15 wind · 1 converter · 1 energy storage · 3 con turret

    The example game in this phase · 10 steps
    1. Converter
    2. Wind ×2
    3. Converter
    4. Bot LabEat Bot Labreclaimed for its metal
    5. Advanced Construction BotT2 con botfor Air
    6. Wind
    7. Converter
    8. Advanced Construction BotT2 con botfor Geo
    9. Advanced Metal ExtractorT2 mexdone 5:22 · typical 5:28
    10. Converter
  4. 4

    5:00 to 10:00

    Economy
    • Wind Turbine43Wind
    • Energy Converter6Converter
    Builders
    • Butler9 Butler
    • Advanced Construction Bot4 T2 con bot for allies
    • Advanced Construction Bot1 T2 con bot

    Some games also: con turret (43%) · Butler for allies (36%)

    By 10:00 in all: 4 mex · 59 wind · 8 converter · 1 energy storage · 3 con turret

    The example game in this phase · 156 steps
    1. SharpshooterSniper botfor Ponddone 5:39
    2. Converter
    3. SharpshooterSniper botfor Pond
    4. Converter ×4
    5. Advanced Construction BotT2 con botfor Geo sea
    6. Advanced Metal ExtractorT2 mex
    7. Converter ×3
    8. ButlerButler
    9. Converter
    10. Advanced Metal ExtractorT2 mex
    11. ButlerButler
    12. Converter ×2
    13. ButlerButler ×2
    14. Advanced Metal ExtractorT2 mex
    15. ButlerButler ×6
    16. Wind
    17. ButlerButler
    18. Wind
    19. ButlerButler
    20. Wind ×2
    21. ButlerButler
    22. Wind ×2
    23. ButlerButler
    24. Wind ×12
    25. UmbrellaAnti-nukedone 10:11
    26. Converter
    27. Wind ×5
    28. Converter
    29. Wind ×9
    30. Advanced Construction BotT2 con botfor Pond
    31. Wind ×5
    32. Converter ×2
    33. Wind ×8
    34. Converter
    35. Wind
    36. Converter
    37. Wind ×8
    38. Converter ×2
    39. Wind ×7
    40. Converter
    41. Wind ×3
    42. Advanced Construction BotT2 con bot
    43. Converter
    44. Wind ×5
    45. Converter
    46. Wind ×3
    47. Metal storage
    48. Converter
    49. Wind ×4
    50. Converter
    51. Wind ×3
    52. Converter
    53. Wind ×6
    54. Converter
    55. Wind ×3
    56. Converter
    57. Wind
    58. Advanced Bot LabEat Advanced Bot Labreclaimed for its metal
    59. Fusion ReactorFusiondone 12:47
    60. Wind ×2
    61. Converter
    62. Con turret
    63. Wind ×3
    64. Converter
    65. Wind ×4
    66. Converter
    67. Con turret
    68. Wind ×2
    69. Converter
    70. Wind ×4
    71. Con turret
    72. Wind
    73. Converter
    74. Wind ×4
    75. Con turret
    76. Converter
    77. Wind ×2
    78. Con turret
    79. Wind ×3
    80. Converter
    81. Wind
    82. Con turret
    83. Wind
    84. Converter
    85. Wind ×4
    86. Converter
    87. Wind ×4
    88. Converter
    89. Wind ×2
    90. Con turret
    91. Wind ×3
    92. Converter
    93. Wind ×2
    94. Converter
    95. Wind ×3
    96. Fusion ReactorFusion
    97. Wind ×2
    98. Converter
    99. Wind ×4
    100. Converter
    101. Wind ×5
    102. Converter
    103. Wind ×2
    104. Converter
    105. Wind ×5
    106. Converter
    107. Wind ×3
    108. Converter
    109. Wind ×5
    110. Converter
    111. Wind ×4
    112. Converter
    113. Wind ×5
    114. Converter
    115. Wind ×6
    116. Con turret
    117. Wind
    118. Converter
    119. Wind ×3
    120. Converter
    121. Wind ×6
    122. Converter ×2
    123. T2 converter
    124. Wind ×5
    125. Con turret
    126. Wind ×3
    127. Converter
    128. Wind
    129. Converter
    130. Wind ×6
    131. Converter
    132. Con turret
    133. Wind ×7
    134. Converter
    135. Con turret
    136. Wind ×5
    137. Con turret
    138. Wind ×3
    139. Converter
    140. Wind
    141. Con turret
    142. Wind ×3
    143. Con turret
    144. Wind ×2
    145. Con turret
    146. Wind ×3
    147. Converter
    148. Wind
    149. Con turret
    150. Wind ×2
    151. Con turret
    152. Wind ×2
    153. Con turret
    154. Wind
    155. Converter
    156. Wind ×4

Counts are medians over the build's games: half of them build more, half fewer. The example game is HomeLessPxrnStar's (32 OS, 23/09/2026); pick another.

Team trades

IN AT LEAST 30% OF ITS GAMES

You hand over

  • Construction Bot1 Con bot to Airfirst at 2:23 · in 84% of games
  • Advanced Construction Bot5 T2 con bot to Air or Geo sea or Pondfirst at 4:51 · in 99% of games
  • Butler2 Butler to Geo sea or Beach sea or Pondfirst at 9:06 · in 42% of games

You get

  • Hercules1 Light transport from Airfirst at 4:01 · in 86% of games

How it plays out

Typical game of this build, running totals by minute

Metal produced

020k40k
0:005:0010:0015:00

metal

Enemy metal destroyed

050100150
0:005:0010:0015:00

metal

Own metal lost

050100150
0:005:0010:0015:00

metal

2001 games.

Show as table
ByMetal produced: This buildEnemy metal destroyed: This buildOwn metal lost: This build
1:0038300
2:0091500
3:00165400
4:00314500
5:00484600
6:00580300
7:00723300
8:00907000
9:001120200
10:001354500
11:001626000
12:001967800
13:002346800
14:0027353074
15:0031540104130
WHAT THE NUMBERS SAY

Standard Tech play barely fights at all early, instead pouring metal into T2 infrastructure and constructors for the team.

  • + Metal produced hits 31679 by 15:00, by far the highest of any role here.
  • + T2 factory reached in 97% of games by 4:15, fastest and most reliable T2 timing.
  • − Enemy metal destroyed stays at 0 through 10:00, no early offense at all.
  • − Own metal lost also near 0, showing total avoidance of combat risk.
THE EXAMPLE YOU ARE READING

HomeLessPxrnStar

31.6 OS · 23/09/2026

Open source match ↗

1 received units
2200 metal received · 181124 energy received

Allied construction assistance is unknown. Timings are observations, not a promise of solo reproducibility.

Typical milestones

Bot Lab1:18Middle 50%: 1:13–1:32 · n=2001
Advanced Bot Lab4:16Middle 50%: 4:04–4:30 · n=1994
Advanced Metal Extractor5:28Middle 50%: 5:05–5:58 · n=1997

Played most by

Amrissa95games of this buildTheGeneraI70games of this buildAdeus57games of this buildEl_Turco56games of this buildKOT_45games of this build